AoeStats
← ninja34t5

Arena

506280170Analyzed
1v1 RM · 18d ago on Sep 13, 2026· 48m 22s· 2 players
Game mode
Random Map
Map size
Tiny (2 player)
Population
200
Speed
Normal
Resources
Standard
Victory
Conquest
Starting age
Dark Age
Ending age
Imperial Age
RankedLock teamsTeams togetherTeam positionsShared explorationLock speedFull tech treeHidden civsTurbo modeCheats
Victory
Defeat
🇺🇸 Khmer · United States
66
+19
🇺🇸 Spanish · United States
136
-19
La Walada
1:37 Loom
9:30 Feudal Age
11:11 Wheelbarrow
10:23 Town Watch
11:24 Horse Collar
18:49 Double-Bit Axe
23:17 Bloodlines
29:18 Castle Age
27:19 Arson
28:38 Scale Barding Armor
28:47 Forging
30:45 Hand Cart
31:33 Sanctity
31:25 Redemption
30:41 Light Cavalry
32:42 Murder Holes
34:24 Town Patrol
34:34 Husbandry
35:00 Scale Mail Armor
45:55 Gold Mining
ninja34t5
15:29 Feudal Age
17:41 Wheelbarrow
16:49 Horse Collar
17:04 Double-Bit Axe
18:33 Man-at-Arms
26:00 Castle Age
28:28 Hand Cart
31:22 Gold Mining
33:08 Elite Skirmisher
33:55 Thumb Ring
34:21 Loom
35:11 Bow Saw
35:05 Heavy Plow
39:56 Pikeman
41:03 Arson
41:18 Squires
41:04 Gambesons
41:19 Squires
41:05 Gambesons
41:30 Scale Barding Armor
41:26 Scale Mail Armor
41:33 Squires
41:23 Gambesons
41:30 Gambesons
41:40 Gambesons
43:36 Chain Barding Armor
43:32 Chain Mail Armor
44:15 Ballistics
45:46 Husbandry
46:41 Town Watch
Connection lost

Rejoining the realm…

Still unreachable

The connection could not be restored.

Session expired

The server has moved on; the page needs a fresh start.